 Dungeon Crawl Stone Soup version 0.23-a0-473-gc8aadda (webtiles) character file.

876 JeffiDaFish the Reanimator (level 7, -6/36 HPs)
             Began as a Deep Elf Necromancer on Nov 28, 2018.
             Mangled by an ogre
             ... wielding a +0 giant club
              (25 damage)
             ... on level 5 of the Dungeon.
             The game lasted 00:12:20 (5514 turns).

JeffiDaFish the Reanimator (Deep Elf Necromancer)   Turns: 5514, Time: 00:12:21

Health: -6/36      AC:  8    Str:  5 (7)  XL:     7   Next: 74%
Magic:  13/18      EV: 14    Int: 19 (22) God:
Gold:   316        SH:  0    Dex: 12 (15) Spells: 12/19 levels left

rFire    + . .     SeeInvis .   m - +2 dagger (elec)
rCold    . . .     Gourm    .   (no shield)
rNeg     . . .     Faith    .   a - +1 robe
rPois    .         Spirit   .   (no helmet)
rElec    .         Reflect  .   h - +1 cloak
rCorr    .         Harm     .   (no gloves)
MR       .....                  (no boots)
Stlth    ++++......             d - amulet of magic regeneration
HPRegen  0.12/turn              n - +3 ring of protection
MPRegen  0.41/turn              g - ring of stealth

@: no status effects
A: fire resistance 1, strong 1, subdued magic 1
a: no special abilities


You were on level 5 of the Dungeon.
You were not hungry.

You visited 1 branch of the dungeon, and saw 5 of its levels.

You collected 316 gold pieces.

Inventory:

Hand Weapons
 m - a +2 dagger of electrocution (weapon)
Armour
 a - a +1 robe (worn)
 h - a +1 cloak (worn)
Jewellery
 d - an amulet of magic regeneration (around neck)
 g - a ring of stealth (right hand)
 n - a +3 ring of protection (left hand)
Wands
 k - a wand of iceblast (9)
Scrolls
 b - 3 scrolls of teleportation
 f - 4 scrolls of remove curse
Potions
 e - 3 potions of mutation
 i - a potion of haste
 l - a potion of curing
 o - a potion of degeneration
 p - a potion of agility
Comestibles
 c - 9 rations
 j - 6 chunks of flesh


   Skills:
 - Level 0.1 Fighting
 + Level 4.8 Dodging
 + Level 5.1 Stealth
 + Level 6.6 Spellcasting
 * Level 8.3 Necromancy


You had 12 spell levels left.
You knew the following spells:

 Your Spells              Type           Power        Failure   Level  Hunger
a - Pain                  Necr           ####         1%          1    None
b - Vampiric Draining     Necr           ####......   1%          3    ##.....
c - Regeneration          Chrm/Necr      ###.......   4%          3    ##.....

Your spell library contained the following spells:

 Spells                   Type           Power        Failure   Level  Hunger
 Animate Skeleton         Necr           N/A          1%          1    None
 Animate Dead             Necr           N/A          2%          4    ####...


Dungeon Overview and Level Annotations

Branches:
Dungeon (5/15)
 Temple: D:4-7

Altars:
Dithmenos
Vehumet
Yredelemnul
Zin

Shops:
D:4 %


Innate Abilities, Weirdness & Mutations

Your flesh is heat resistant. (rF+)
Your muscles are strong. (Str +2)
Your spells are a little easier to cast, but a little less powerful.


Message History

You barely miss the ogre. The ogre hits you with a +0 giant club!
You hit the ogre. Lightning courses through the ogre!
The ogre is heavily wounded.
Casting: Pain (safe; 1% risk of failure)
Confirm with . or Enter, or press ? or * to list all spells.
Aiming: Vampiric Draining (safe; 1% risk of failure)
Press: ? - help, Shift-Dir - straight line, f - ogre
Aim: an ogre, wielding a +0 giant club (heavily wounded)
The ogre is heavily wounded.
You feel life coursing into your body. The ogre hits you with a +0 giant club!
Casting: Vampiric Draining (safe; 1% risk of failure)
Confirm with . or Enter, or press ? or * to list all spells.
Aiming: Vampiric Draining (safe; 1% risk of failure)
Press: ? - help, Shift-Dir - straight line, f/p - ogre
Aim: an ogre, wielding a +0 giant club (heavily wounded)
The ogre is almost dead.
You feel life coursing into your body.
The ogre hits you with a +0 giant club!!
Ouch! That really hurt!
You die...

######## #.@O...#
#.##.### #.# #
#######.##.# #..........#
## #.#.....#..# #.
#.#.....#..# #.
#.#.###.#..# ###########.
#.#.....#..###...........


You could see an ogre.

Vanquished Creatures
  Sigmund (D:5)
  Menkaure (D:5)
  An ogre (D:4)
  A centaur zombie (D:5)
  2 orc priests (D:4)
  A hound (D:5)
  Jessica (D:3)
  2 worker ants
  An iguana (D:5)
  3 orc wizards
  A hound zombie (D:5)
  A hound skeleton (D:5)
  A howler monkey zombie (D:5)
  3 gnolls (D:3)
  2 adders
  An adder skeleton (D:5)
  8 worms
  A dart slug (D:2)
  5 leopard geckos
  18 orcs
  8 bats
  6 giant cockroaches
  2 goblins
  4 hobgoblins
  10 jackals
  7 frilled lizards
  6 kobolds
  5 rats
103 creatures vanquished.

Notes
Turn   | Place    | Note
-------+----------+-------------------------------------------
     0 | D:1      | JeffiDaFish the Deep Elf Necromancer began the quest for
                  | the Orb.
     0 | D:1      | Reached XP level 1. HP: 10/10 MP: 6/6
     8 | D:1      | Reached skill level 5 in Necromancy
   579 | D:1      | Reached XP level 2. HP: 12/15 MP: 5/8
  1447 | D:2      | Found a faded altar of an unknown god.
  1832 | D:2      | Reached XP level 3. HP: 14/19 MP: 7/9
  1840 | D:2      | Learned a level 3 spell: Vampiric Draining
  2672 | D:3      | Noticed Jessica
  2674 | D:3      | Killed Jessica
  2674 | D:3      | Reached XP level 4. HP: 23/24 MP: 10/12
  2679 | D:3      | Gained mutation: Your flesh is heat resistant. (rF+)
                  | [potion of mutation]
  2679 | D:3      | Gained mutation: Your spells are a little easier to cast,
                  | but a little less powerful. [potion of mutation]
  2679 | D:3      | Gained mutation: Your muscles are strong. (Str +2) [potion
                  | of mutation]
  2699 | D:3      | Reached skill level 6 in Necromancy
  2852 | D:3      | Found a shadowy altar of Dithmenos.
  2980 | D:3      | Reached skill level 5 in Spellcasting
  3296 | D:3      | Reached XP level 5. HP: 16/28 MP: 6/14
  3732 | D:4      | Found a glowing silver altar of Zin.
  3846 | D:4      | Reached XP level 6. HP: 27/32 MP: 14/16
  3957 | D:4      | Reached skill level 7 in Necromancy
  4096 | D:4      | Found a basalt altar of Yredelemnul.
  4096 | D:4      | Found a radiant altar of Vehumet.
  4810 | D:4      | Found Adwogh's Food Shoppe.
  4959 | D:5      | Entered Level 5 of the Dungeon
  4959 | D:5      | Noticed Sigmund
  4963 | D:5      | Killed Sigmund
  4963 | D:5      | Reached XP level 7. HP: 36/36 MP: 16/18
  4999 | D:5      | Noticed Menkaure
  5007 | D:5      | Killed Menkaure
  5007 | D:5      | Reached skill level 8 in Necromancy
  5057 | D:5      | Learned a level 3 spell: Regeneration
  5210 | D:5      | Reached skill level 5 in Stealth
  5268 | D:5      | Found a shadowy altar of Dithmenos.
  5514 | D:5      | Mangled by an ogre

Vault maps used:
D:1:      psy_arrival_spokes
D:2:      chequers_ecumenical_altar_simple_redux, minmay_heptomino_o4
D:3:      lemuel_doored_altar, uniq_jessica
D:4:      nicolae_overflow_hidden_temple, gammafunk_temple_overflow_statue,
          first_ration, cheibrodos_sewer_entry_bend, serial_shops, shop_statue,
          minmay_cupped
D:5:      grunt_dithmenos_smoke, uniq_sigmund, uniq_menkaure

Skill      XL: |  1  2  3  4  5  6  7 |
---------------+----------------------+-----
Necromancy     | 5 6 7 8 |  8.3
Spellcasting   | 4 5 6 |  6.6
Stealth        | 3 4 5 |  5.1
Dodging        | 3 4 |  4.8
Fighting       | |  0.1

Action                   |  1- 3 |  4- 6 |  7- 9 || total
-------------------------+-------+-------+-------++-------
Melee: Dagger            |    52 |    59 |    54 ||   165
 Cast: Pain              |    50 |    62 |     3 ||   115
       Vampiric Draining |     1 |    14 |     2 ||    17
  Use: Scroll            |     7 |     3 |     1 ||    11
       Potion            |     3 |     4 |     1 ||     8
 Stab: Sleeping          |     4 |    10 |     5 ||    19
       Distracted        |       |     1 |       ||     1
  Eat: Chunk             |     5 |     8 |     2 ||    15
Armor: Robe              |    11 |    14 |    10 ||    35
Dodge: Dodged            |    58 |    41 |    28 ||   127

Table legend:
 A = Non-vault XP
 B = Vault XP
 C = Vault XP percentage of total XP
 D = Non-vault monster count
 E = Vault monster count
 F = Vault count percentage of total count
                 A         B        C        D         E       F
            +---------+---------+-------+---------+---------+-------
      Total |     689 |     563 |  45.0 |      92 |      11 |  10.7
            +---------+---------+-------+---------+---------+-------
        D:1 |      30 |       0 |   0.0 |      17 |       0 |   0.0
        D:2 |      36 |       3 |   7.7 |      15 |       2 |  11.8
        D:3 |     154 |      37 |  19.4 |      23 |       1 |   4.2
        D:4 |     258 |     138 |  34.8 |      19 |       6 |  24.0
        D:5 |     211 |     385 |  64.6 |      18 |       2 |  10.0
            +---------+---------+-------+---------+---------+-------
